3L
ECHO PARK LAKERS @ MISSISSIPPI MOCKINGBIRDS
08/24/2039
 
TOP OF THE 1ST
Echo Park Lakers batting - Pitching for Mississippi Mockingbirds : RHP Carlos Vargas
Pitching: RHP Carlos Vargas
Batting: LHB Wu-shun Chu 0-0: Fly out, F7 (Line Drive, 7, EV 93.1 MPH)
Batting: RHB Ryoma Yamamoto 0-0: Ball
1-0: Swinging Strike
1-1: Ball
2-1: Called Strike
2-2: Foul Ball, location: 2F
2-2: Foul Ball, location: 2F
2-2: Ball
3-2: Ground out 1-5-3 (Groundball, 15S, EV 106.2 MPH)
Batting: LHB Philip Todd 0-0: Ball
1-0: Ball
2-0: Swinging Strike
2-1: Ball
3-1: DOUBLE (Line Drive, 9LM, EV 95.6 MPH)
Batting: LHB John Schaefer 0-0: Ball
1-0: Foul Ball, location: 2F
1-1: Called Strike
1-2: Ball
2-2: Ball
3-2: Foul Ball, location: 2F
3-2: Base on Balls
Batting: RHB Kyu-cheol Kye 0-0: Ball
1-0: 3-RUN HOME RUN (Flyball, 7LD, EV 105.0 MPH), Distance : 353 ft
Batting: LHB Tomás Muinos 0-0: Ball
1-0: Called Strike
1-1: Ball
2-1: Called Strike
2-2: Strikes out swinging
Top of the 1st over - 3 runs, 2 hits, 0 errors, 0 left on base; Echo Park 3 - Mississippi 0
BOTTOM OF THE 1ST
Mississippi Mockingbirds batting - Pitching for Echo Park Lakers : LHP Jordan Coffey
Pitching: LHP Jordan Coffey
Batting: RHB Freddy Torres 0-0: Ball
1-0: Ground out 5-3 (Groundball, 56S, EV 83.1 MPH)
Batting: RHB Shimei Miura 0-0: Ball
1-0: Ground out 4-3 (Groundball, 4M, EV 85.6 MPH)
Batting: RHB Doug Allerdale 0-0: Called Strike
0-1: Ball
1-1: Ball
2-1: Foul Ball, location: 2F
2-2: Ball
3-2: Base on Balls
Batting: LHB Dean Jackson 0-0: Called Strike
0-1: Called Strike
0-2: Strikes out swinging
Bottom of the 1st over - 0 runs, 0 hits, 0 errors, 1 left on base; Echo Park 3 - Mississippi 0
TOP OF THE 2ND
Echo Park Lakers batting - Pitching for Mississippi Mockingbirds : RHP Carlos Vargas
Batting: RHB Komotay Koffie 0-0: Ground out 4-3 (Groundball, 4, EV 92.5 MPH)
Batting: SHB Ryan Wood 0-0: Ball
1-0: Ground out 2-3 (Groundball, 2R, EV 60.0 MPH)
Batting: RHB Felipe Campos 0-0: Ground out U3 (Groundball, 3, EV 103.1 MPH)
Top of the 2nd over - 0 runs, 0 hits, 0 errors, 0 left on base; Echo Park 3 - Mississippi 0
BOTTOM OF THE 2ND
Mississippi Mockingbirds batting - Pitching for Echo Park Lakers : LHP Jordan Coffey
Batting: RHB Martín Talia 0-0: Ball
1-0: Fly out, F7 (Flyball, 78M, EV 88.1 MPH)
Batting: RHB Iiri Haapajarvi 0-0: Ball
1-0: Called Strike
1-1: Called Strike
1-2: Foul Ball, location: 2F
1-2: Foul Ball, location: 2F
1-2: Strikes out swinging
Batting: LHB Vicente Gonzáles 0-0: Ball
1-0: Ball
2-0: Ball
3-0: Called Strike
3-1: Foul Ball, location: 2F
3-2: Foul Ball, location: 2F
3-2: Base on Balls
Batting: RHB Guy Toussaint 0-0: Ground out 4-3 (Groundball, 34, EV 76.9 MPH)
Bottom of the 2nd over - 0 runs, 0 hits, 0 errors, 1 left on base; Echo Park 3 - Mississippi 0
TOP OF THE 3RD
Echo Park Lakers batting - Pitching for Mississippi Mockingbirds : RHP Carlos Vargas
Batting: LHB Wu-shun Chu 0-0: Called Strike
0-1: Hit by Pitch
Batting: RHB Ryoma Yamamoto 0-0: Ball
1-0: Foul Ball, location: 2F
1-1: Ball
2-1: Ball
3-1: Base on Balls
Wu-shun Chu to second
Batting: LHB Philip Todd 0-0: Ball
1-0: Called Strike
1-1: Fly out, F9 (Flyball, 9S, EV 93.8 MPH)
Batting: LHB John Schaefer 0-0: Foul Ball, location: 2F
0-1: Foul Ball, location: 2F
0-2: Ball
1-2: Strikes out swinging
Batting: RHB Kyu-cheol Kye 0-0: Called Strike
0-1: Foul Ball, location: 2F
0-2: Ball
1-2: Ball
2-2: Foul Ball, location: 5F, Error on foul ball, E5
2-2: Ball
3-2: Fly out, F9 (Flyball, 89M, EV 87.5 MPH)
Top of the 3rd over - 0 runs, 0 hits, 1 error, 2 left on base; Echo Park 3 - Mississippi 0
BOTTOM OF THE 3RD
Mississippi Mockingbirds batting - Pitching for Echo Park Lakers : LHP Jordan Coffey
Batting: LHB Chris Fitzgerald 0-0: Ball
1-0: Called Strike
1-1: Ground out 1-3 (Groundball, 34S, EV 63.1 MPH)
Batting: RHB Freddy Torres 0-0: Ball
1-0: Called Strike
1-1: Ball
2-1: Ground out 6-3 (Groundball, 6, EV 88.8 MPH)
Batting: RHB Shimei Miura 0-0: Called Strike
0-1: Called Strike
0-2: Foul Ball, location: 2F
0-2: Strikes out swinging
Bottom of the 3rd over - 0 runs, 0 hits, 0 errors, 0 left on base; Echo Park 3 - Mississippi 0
TOP OF THE 4TH
Echo Park Lakers batting - Pitching for Mississippi Mockingbirds : RHP Carlos Vargas
Batting: LHB Tomás Muinos 0-0: Foul Ball, location: 2F
0-1: Ball
1-1: Ground out 4-3 (Groundball, 4, EV 85.6 MPH)
Batting: RHB Komotay Koffie 0-0: Called Strike
0-1: Ground out 6-3 (Groundball, 56, EV 105.0 MPH)
Batting: SHB Ryan Wood 0-0: Called Strike
0-1: Foul Ball, location: 2F
0-2: Strikes out swinging
Top of the 4th over - 0 runs, 0 hits, 0 errors, 0 left on base; Echo Park 3 - Mississippi 0
BOTTOM OF THE 4TH
Mississippi Mockingbirds batting - Pitching for Echo Park Lakers : LHP Jordan Coffey
Batting: RHB Doug Allerdale 0-0: Called Strike
0-1: Ball
1-1: Ground out 6-3 (Groundball, 6, EV 86.9 MPH)
Batting: LHB Dean Jackson 0-0: Called Strike
0-1: SOLO HOME RUN (Flyball, 89XD, EV 88.1 MPH), Distance : 432 ft
Batting: RHB Martín Talia 0-0: Ground out 4-3 (Groundball, 4, EV 100.6 MPH)
Batting: RHB Iiri Haapajarvi 0-0: Ball
1-0: Ball
2-0: Ball
3-0: Base on Balls
Batting: LHB Vicente Gonzáles 0-0: Ball
1-0: Called Strike
1-1: Called Strike
1-2: Strikes out looking
Bottom of the 4th over - 1 run, 1 hit, 0 errors, 1 left on base; Echo Park 3 - Mississippi 1
TOP OF THE 5TH
Echo Park Lakers batting - Pitching for Mississippi Mockingbirds : RHP Carlos Vargas
Batting: RHB Felipe Campos 0-0: Fly out, F7 (Flyball, 78D, EV 103.1 MPH)
Batting: LHB Wu-shun Chu 0-0: Ball
1-0: Ground out 1-3 (Groundball, 34S, EV 89.4 MPH)
Batting: RHB Ryoma Yamamoto 0-0: Ball
1-0: SINGLE (Groundball, 6MD, EV 103.1 MPH)
Batting: LHB Philip Todd 0-0: Called Strike
0-1: Called Strike
0-2: Ball
1-2: Foul Ball, location: 2F
1-2: Ball
2-2: Strikes out swinging
Top of the 5th over - 0 runs, 1 hit, 0 errors, 1 left on base; Echo Park 3 - Mississippi 1
BOTTOM OF THE 5TH
Mississippi Mockingbirds batting - Pitching for Echo Park Lakers : LHP Jordan Coffey
Pitching: RHP Ken Peterson
Batting: RHB Guy Toussaint 0-0: Ball
1-0: Ball
2-0: Called Strike
2-1: Swinging Strike
2-2: Fly out, F8 (Line Drive, 8RM, EV 94.4 MPH)
Batting: LHB Chris Fitzgerald 0-0: Ball
1-0: Called Strike
1-1: Swinging Strike
1-2: Ball
2-2: Fly out, F9 (Flyball, 9, EV 91.9 MPH)
Batting: RHB Freddy Torres 0-0: Foul Ball, location: 2F
0-1: Swinging Strike
0-2: SINGLE (Groundball, 6MD, EV 98.1 MPH)
Batting: RHB Shimei Miura 0-0: Swinging Strike
0-1: SINGLE (Groundball, 15S, EV 71.2 MPH) (infield hit)
Freddy Torres to second
Batting: RHB Doug Allerdale 0-0: Ball
1-0: Ball
2-0: Called Strike
2-1: Called Strike
2-2: Ball
3-2: Fly out, F7 (Flyball, 7S, EV 86.2 MPH)
Bottom of the 5th over - 0 runs, 2 hits, 0 errors, 2 left on base; Echo Park 3 - Mississippi 1
TOP OF THE 6TH
Echo Park Lakers batting - Pitching for Mississippi Mockingbirds : RHP Carlos Vargas
Batting: LHB John Schaefer 0-0: Ball
1-0: Ball
2-0: Ball
3-0: Base on Balls
Batting: RHB Kyu-cheol Kye 0-0: Called Strike
0-1: Ball
1-1: DOUBLE (Flyball, 89XD, EV 91.9 MPH)
John Schaefer to third
Batting: LHB Tomás Muinos 0-0: Foul Ball, location: 2F
0-1: Ball
1-1: Swinging Strike
1-2: Ball
2-2: Ball
3-2: SINGLE (Flyball, 89S, EV 93.1 MPH)
John Schaefer scores
Kyu-cheol Kye to third
Runner from 3rd tries for Home, SAFE, no throw by RF
Pitching: RHP José Quiñones
Batting: RHB Komotay Koffie 0-0: Sac Bunt to 3S - play at first, batter OUT! 3-1
Tomás Muinos to second
Batting: SHB Ryan Wood 0-0: Ball
1-0: Fly out, F6 (Flyball, 6MD, EV 85.6 MPH)
Batting: RHB Felipe Campos 0-0: Ball
1-0: Ball
2-0: Called Strike
2-1: Ball
3-1: Ground out 6-3 (Groundball, 6, EV 83.1 MPH)
Top of the 6th over - 2 runs, 2 hits, 0 errors, 1 left on base; Echo Park 5 - Mississippi 1
BOTTOM OF THE 6TH
Mississippi Mockingbirds batting - Pitching for Echo Park Lakers : RHP Ken Peterson
Batting: LHB Dean Jackson 0-0: Ball
1-0: Called Strike
1-1: Called Strike
1-2: Ball
2-2: Strikes out looking
Batting: RHB Martín Talia 0-0: Ball
1-0: Ground out 4-3 (Groundball, 4, EV 104.4 MPH)
Batting: RHB Iiri Haapajarvi 0-0: Ground out 6-3 (Groundball, 6, EV 83.8 MPH)
Bottom of the 6th over - 0 runs, 0 hits, 0 errors, 0 left on base; Echo Park 5 - Mississippi 1
TOP OF THE 7TH
Echo Park Lakers batting - Pitching for Mississippi Mockingbirds : RHP José Quiñones
Batting: LHB Wu-shun Chu 0-0: Ball
1-0: Ball
2-0: SINGLE (Line Drive, 6D, EV 95.0 MPH)
Batting: RHB Ryoma Yamamoto 0-0: Called Strike
0-1: Ball
1-1: Ball
2-1: Ball
Wu-shun Chu steals 2nd base
3-1: Called Strike
3-2: Ground out 5-3 (Groundball, 56, EV 83.1 MPH)
Batting: LHB Philip Todd 0-0: Foul Ball, location: 2F
0-1: Called Strike
0-2: Strikes out swinging
Batting: LHB John Schaefer 0-0: Called Strike
0-1: Swinging Strike
0-2: Foul Ball, location: 2F
0-2: Fly out, F6 (Popup, 6, EV 67.5 MPH)
Top of the 7th over - 0 runs, 1 hit, 0 errors, 1 left on base; Echo Park 5 - Mississippi 1
BOTTOM OF THE 7TH
Mississippi Mockingbirds batting - Pitching for Echo Park Lakers : RHP Ken Peterson
Batting: LHB Vicente Gonzáles 0-0: Ball
1-0: Swinging Strike
1-1: DOUBLE (Line Drive, 7LD, EV 107.5 MPH)
Batting: RHB Guy Toussaint 0-0: Ball
1-0: Called Strike
1-1: Called Strike
1-2: Ball
2-2: Foul Ball, location: 2F
2-2: Ball
3-2: Base on Balls
Batting: LHB Chris Fitzgerald 0-0: Called Strike
0-1: SINGLE (Line Drive, 7S, EV 107.5 MPH)
Vicente Gonzáles to third
Guy Toussaint to second
Batting: RHB Freddy Torres 0-0: Ball
1-0: Fielders Choice at 2nd, 6-4 (Groundball, 6D, EV 104.4 MPH)
Vicente Gonzáles scores
Guy Toussaint to third
Batting: RHB Shimei Miura 0-0: Ball
1-0: Swinging Strike
1-1: Called Strike
1-2: Fly out, F3 (Popup, 34, EV 65.0 MPH)
Batting: RHB Doug Allerdale 0-0: Ball
1-0: Ball
2-0: Reached on error, E7 (Flyball, 7LS, EV 86.9 MPH)
Guy Toussaint scores
Freddy Torres to third
Batting: LHB Dean Jackson 0-0: Ball
1-0: Swinging Strike
1-1: Called Strike
1-2: Foul Ball, location: 2F
1-2: 3-RUN HOME RUN (Flyball, 9D, EV 107.5 MPH), Distance : 335 ft
Pitching: RHP Mark Collingwood
Batting: RHB Martín Talia 0-0: Ball
1-0: Called Strike
1-1: Ball
2-1: Ball
3-1: Ground out 6-3 (Groundball, 6, EV 78.8 MPH)
Bottom of the 7th over - 5 runs, 3 hits, 1 error, 0 left on base; Echo Park 5 - Mississippi 6
TOP OF THE 8TH
Echo Park Lakers batting - Pitching for Mississippi Mockingbirds : RHP José Quiñones
Batting: RHB Kyu-cheol Kye 0-0: Ball
1-0: Ball
2-0: Called Strike
2-1: Called Strike
2-2: Ball
3-2: Foul Ball, location: 2F
3-2: Base on Balls
Pitching: LHP Luis Vargas
Batting: LHB Tomás Muinos 0-0: Ball
1-0: Ball
2-0: Bunted foul
2-1: Bunted foul
2-2: Ball
3-2: Grounds into double play, 4-6-3 (Groundball, 4, EV 102.5 MPH)
Batting: RHB Komotay Koffie 0-0: Ball
1-0: Ball
2-0: Called Strike
2-1: Foul Ball, location: 2F
2-2: Foul Ball, location: 2F
2-2: Fly out, F8 (Flyball, 8RM, EV 85.6 MPH)
Top of the 8th over - 0 runs, 0 hits, 0 errors, 0 left on base; Echo Park 5 - Mississippi 6
BOTTOM OF THE 8TH
Mississippi Mockingbirds batting - Pitching for Echo Park Lakers : RHP Mark Collingwood
Batting: RHB Iiri Haapajarvi 0-0: Ball
1-0: SINGLE (Line Drive, 5D, EV 99.4 MPH)
Batting: LHB Vicente Gonzáles 0-0: Ball
1-0: Sac Bunt to 3S - play at first, batter OUT! 3-4
Iiri Haapajarvi to second
Batting: RHB Guy Toussaint 0-0: Ball
1-0: Called Strike
1-1: Fly out, F8 (Line Drive, 8RM, EV 105.0 MPH)
Batting: LHB Chris Fitzgerald 0-0: Called Strike
0-1: Ground out 3-1 (Groundball, 34, EV 94.4 MPH)
Bottom of the 8th over - 0 runs, 1 hit, 0 errors, 1 left on base; Echo Park 5 - Mississippi 6
TOP OF THE 9TH
Echo Park Lakers batting - Pitching for Mississippi Mockingbirds : LHP Luis Vargas
Pitching: RHP Folkert van Huizen
Batting: SHB Ryan Wood 0-0: Called Strike
0-1: Fly out, F4 (Popup, 23, EV 76.9 MPH)
Batting: RHB Felipe Campos 0-0: Ball
1-0: Ball
2-0: Foul Ball, location: 2F
2-1: Ball
3-1: Base on Balls
Batting: LHB Wu-shun Chu 0-0: Called Strike
0-1: Called Strike
0-2: SINGLE (Groundball, 6M, EV 102.5 MPH)
Felipe Campos to second
Runner from 2nd tries for 3rd, SAFE, throw by CF made to third
Batting: RHB Ryoma Yamamoto 0-0: Ball
Wu-shun Chu steals 2nd base
1-0: Ground out 6-3 (Groundball, 56, EV 105.6 MPH)
Felipe Campos scores
Batting: LHB Philip Todd 0-0: Intentional Walk
Batting: LHB John Schaefer 0-0: Ball
1-0: Fly out, F8 (Flyball, 89M, EV 93.1 MPH)
Top of the 9th over - 1 run, 1 hit, 0 errors, 2 left on base; Echo Park 6 - Mississippi 6
BOTTOM OF THE 9TH
Mississippi Mockingbirds batting - Pitching for Echo Park Lakers : RHP Mark Collingwood
Batting: RHB Freddy Torres 0-0: Ball
1-0: Ball
2-0: Ground out 6-3 (Groundball, 6, EV 86.9 MPH)
Batting: RHB Shimei Miura 0-0: Ball
1-0: Ball
2-0: Ball
3-0: Foul Ball, location: 2F
3-1: SINGLE (Line Drive, 5D, EV 102.5 MPH)
Batting: RHB Doug Allerdale 0-0: Called Strike
0-1: Ball
1-1: Ball
2-1: Ball
3-1: Fly out, F8 (Flyball, 8LS, EV 83.1 MPH)
Pitching: RHP Jeffery Prosser
Batting: LHB Dean Jackson 0-0: Called Strike
0-1: Ball
1-1: Ball
2-1: Foul Ball, location: 2F
2-2: Strikes out looking
Bottom of the 9th over - 0 runs, 1 hit, 0 errors, 1 left on base; Echo Park 6 - Mississippi 6
TOP OF THE 10TH
Echo Park Lakers batting - Pitching for Mississippi Mockingbirds : RHP Folkert van Huizen
Pitching: RHP Morton Steele
Batting: RHB Kyu-cheol Kye 0-0: Ball
1-0: Called Strike
1-1: Ground out 5-3 (Groundball, 5, EV 83.8 MPH)
Batting: LHB Tomás Muinos 0-0: Called Strike
0-1: Ball
1-1: Ball
2-1: Swinging Strike
2-2: Foul Ball, location: 2F
2-2: Ball
3-2: Strikes out swinging
Batting: RHB Komotay Koffie 0-0: Ball
1-0: Ball
2-0: SINGLE (Line Drive, 7LS, EV 96.9 MPH)
Batting: SHB Ryan Wood 0-0: Ball
1-0: Ball
2-0: Called Strike
2-1: Swinging Strike
2-2: Foul Ball, location: 2F
2-2: Fly out, F8 (Flyball, 8RS, EV 90.0 MPH)
Top of the 10th over - 0 runs, 1 hit, 0 errors, 1 left on base; Echo Park 6 - Mississippi 6
BOTTOM OF THE 10TH
Mississippi Mockingbirds batting - Pitching for Echo Park Lakers : RHP Jeffery Prosser
Batting: RHB Martín Talia 0-0: Ground out 5-3 (Groundball, 56S, EV 69.4 MPH)
Batting: RHB Iiri Haapajarvi 0-0: Called Strike
0-1: Foul Ball, location: 2F
0-2: Foul Ball, location: 2F
0-2: Ball
1-2: Ball
2-2: Ball
3-2: Fly out, F9 (Flyball, 89M, EV 83.8 MPH)
Batting: LHB Vicente Gonzáles 0-0: Ball
1-0: Ball
2-0: Called Strike
2-1: Foul Ball, location: 2F
2-2: Ball
3-2: Strikes out looking
Bottom of the 10th over - 0 runs, 0 hits, 0 errors, 0 left on base; Echo Park 6 - Mississippi 6
TOP OF THE 11TH
Echo Park Lakers batting - Pitching for Mississippi Mockingbirds : RHP Morton Steele
Batting: RHB Felipe Campos 0-0: Ground out 4-3 (Groundball, 4S, EV 68.1 MPH)
Batting: LHB Wu-shun Chu 0-0: Ball
1-0: Ball
2-0: Called Strike
2-1: DOUBLE (Line Drive, 89M, EV 105.6 MPH)
Batting: RHB Ryoma Yamamoto 0-0: Called Strike
0-1: Swinging Strike
0-2: Ball
1-2: Strikes out swinging
Batting: LHB Philip Todd 0-0: Intentional Walk
Batting: LHB John Schaefer 0-0: Foul Ball, location: 2F
0-1: Swinging Strike
0-2: Strikes out looking
Top of the 11th over - 0 runs, 1 hit, 0 errors, 2 left on base; Echo Park 6 - Mississippi 6
BOTTOM OF THE 11TH
Mississippi Mockingbirds batting - Pitching for Echo Park Lakers : RHP Jeffery Prosser
Batting: RHB Guy Toussaint 0-0: Ball
1-0: Ball
2-0: SOLO HOME RUN (Flyball, 7D, EV 105.6 MPH), Distance : 379 ft
Wednesday, July 8th, 2020 - OOTP Baseball 20.8 Build 74